 Dungeon Sprint DCSS version 0.28-a0-71-g84acfa7270 (webtiles) character file.

Game seed: 12167025377420676418

0 Zeldest the Insei (level 1, 0/15 HPs)
             Began as a Demonspawn Transmuter on Aug 2, 2021.
             Slain by a kobold (2 damage)
             ... in the Dungeon (Sprint VI: "Thunderdome").
             The game lasted 00:00:12 (33 turns).

Zeldest the Insei (Demonspawn Transmuter)             Turns: 33, Time: 00:00:13

Health: 0/15       AC:  2    Str: 10    XL:     1   Next: 16%
Magic:  3/3        EV: 12    Int: 14    God:
Gold:   200        SH:  0    Dex: 13    Spells: 3/4 levels left

rFire   . . .      SeeInvis .     - Unarmed
rCold   . . .      Faith    .   (no shield)
rNeg    . . .      Spirit   .   a - +0 robe
rPois   .          Reflect  .   (no helmet)
rElec   .          Harm     .   (no cloak)
rCorr   .          Rampage  .   (no gloves)
Will    .....      NoTele   +   (no boots)
Stlth   +.........              (no amulet)
HPRegen 0.05/turn               (no ring)
MPRegen 0.08/turn               (no ring)

@: no status effects
A: no striking features
a: no special abilities


You were in the Dungeon.
You visited 1 branch You collected 200 gold pieces.

Inventory:

Armour
 a - a +0 robe (worn)
Wands
 i - a wand of acid (5)
 j - a wand of iceblast (5)
Scrolls
 g - 4 scrolls of blinking
 k - 3 scrolls of fog
Potions
 b - a potion of curing
 c - 4 potions of heal wounds
 d - 4 potions of haste
 e - 2 potions of magic
 f - a potion of berserk rage
 h - a potion of resistance


   Skills:
 + Level 1.3 Fighting
 + Level 2.0 Dodging
 + Level 2.8 Unarmed Combat
 + Level 2.1 Spellcasting
 + Level 2.0 Transmutations


You had 3 spell levels left.
You knew the following spells:

 Your Spells              Type           Power      Damage    Failure   Level
a - Beastly Appendage     Tmut           14%        N/A       11%         1

Your spell library contained the following spells:

 Spells                   Type           Power      Damage    Failure   Level
 Wereblood                Tmut           7%         N/A       16%         2
 Spider Form              Tmut/Pois      2%         N/A       43%         3
 Ice Form                 Ice/Tmut       4%         N/A       83%         4


Dungeon Overview and Level Annotations

Branches:
Dungeon (1/1)

Altars:
Cheibriados
Dithmenos
Kikubaaqudgha
Sif Muna
Trog
Vehumet
Xom
Yredelemnul
Beogh
Lugonu

Shops:
D ??:(

Annotations:
D Sigmund


Message History

Your Transmutations skill increases to level 2!
You see here a ball python corpse.
A kobold comes into view. It is wielding a +0 club.
Found a radiant altar of Vehumet.
Found a snail-covered altar of Cheibriados.
The kobold shouts!
Your horns disappear.
Your talons disappear.
The kobold barely misses you.
You closely miss the kobold. Your punch misses the kobold.
The kobold closely misses you.
You hit the kobold.
The kobold is moderately wounded.
The kobold hits you but does no damage.
You closely miss the kobold.
The kobold is moderately wounded.
The kobold barely misses you.
You miss the kobold.
The kobold is moderately wounded.
The kobold hits you with a +0 club.
You closely miss the kobold.
The kobold is moderately wounded.
The kobold hits you with a +0 club.
You hit the kobold but do no damage.
The kobold is moderately wounded.
The kobold barely misses you.
You barely miss the kobold.
The kobold is moderately wounded.
The kobold hits you but does no damage.
You hit the kobold but do no damage.
The kobold is moderately wounded.
The kobold hits you with a +0 club.
You closely miss the kobold.
The kobold is moderately wounded.
The kobold hits you with a +0 club.
* * * LOW HITPOINT WARNING * * *
You closely miss the kobold.
The kobold is moderately wounded.
Sigmund the Dreaded comes into view.
He is wielding a +4 scythe of freezing.
The kobold hits you with a +0 club.
You die...

##∩.....∩## #∩.......∩#
#_......._# #........_#
#_...†..._#
###.........###
#⌠...........⌠#
#####.8.........8.###
..__...@..###......___
......K.8.# #.8........
@.........###..........
.......###...###.......
....... #.<.# .......
....... #...# .......
....... ..###.. ......
........8. .8.. ...
..... ......


You could see Sigmund (wandering) and a kobold.

Vanquished Creatures
  A ball python (D)
1 creature vanquished.

Notes
Turn   | Place    | Note
-------+----------+-------------------------------------------
     0 | D        | Zeldest the Demonspawn Transmuter began the quest for the
                  | Orb.
     0 | D        | Reached XP level 1. HP: 15/15 MP: 3/3
     1 | D        | Found a shimmering blue altar of Sif Muna.
     2 | D        | Found an ancient bone altar of Kikubaaqudgha.
     2 | D        | Found a corrupted altar of Lugonu.
     3 | D        | Found a basalt altar of Yredelemnul.
     3 | D        | Found a bloodstained altar of Trog.
     4 | D        | Found a shadowy altar of Dithmenos.
     4 | D        | Found Laeguadd's Staff Store.
     4 | D        | Found Peas's Magic Scroll Shop.
     5 | D        | Found a shimmering altar of Xom.
     5 | D        | Found Saazoge's Must-Have Magic.
     5 | D        | Found Sautufoi's Magic Scroll Shop.
     5 | D        | Round 1.
    20 | D        | Found a radiant altar of Vehumet.
    21 | D        | Found a snail-covered altar of Cheibriados.
    33 | D        | Noticed Sigmund
    33 | D        | Slain by a kobold

Illustrated notes

Levels and vault maps discovered:
D:        arena_sprint

Skill      XL: |  1 |
---------------+----+-----
Dodging        | 2 |  2.0
Transmutations | 2 |  2.0
Fighting       | |  1.3
Unarmed Combat | |  2.8
Spellcasting   | |  2.1

Action                   || total
-------------------------++-------
Melee: Unarmed           ||    13
       Kick              ||     1
 Cast: Beastly Appendage ||     1
Armor: Robe              ||     2
Dodge: Dodged            ||     5

Table legend: (Time is in decaauts)
 A = Elapsed time spent in this place.
 B = Non-inter-level travel time spent in this place.
 C = Inter-level travel time spent in this place.
 D = Time resting spent in this place.
 E = Time spent auto-exploring this place.
 F = Levels seen in this place.
 G = Mean time per level.
                   A        B        C        D        E       F      G
               +--------+--------+--------+--------+--------+-----+--------+
         Total |     32 |     32 |      0 |      0 |     11 |   1 |   32.0 |
       Dungeon |     32 |     32 |      0 |      0 |     11 |   1 |   32.0 |
               +--------+--------+--------+--------+--------+-----+--------+

Top non-repeatable levels by time:
       D: 32 daAuts
